 Dungeon Crawl Stone Soup version 0.23.0 (webtiles) character file.

Game seed: 3130369768786943309

678 inmateoo the Changer (level 7, -1/48 HPs)
             Began as an Octopode Transmuter on Feb 15, 2019.
             Slain by Pikel
             ... wielding a +2 whip of freezing
              (2 damage)
             ... on level 4 of the Dungeon.
             The game lasted 00:04:39 (4553 turns).

inmateoo the Changer (Octopode Transmuter)          Turns: 4553, Time: 00:04:40

Health: -1/48      AC:  2    Str: 10    XL:     7   Next: 60%
Magic:  21/22      EV: 19    Int: 17    God:
Gold:   167        SH:  0    Dex: 17    Spells: 4/14 levels left

rFire    . . .     SeeInvis .     - Unarmed
rCold    . . .     Gourm    .   (shield currently unavailable)
rNeg     . . .     Faith    .   (helmet currently unavailable)
rPois    x         Spirit   .   (no amulet)
rElec    .         Reflect  .   b - ring of magical power
rCorr    .         Harm     .   (no ring)
MR       .....                  (no ring)
Stlth    +++.......             (no ring)
HPRegen  0.16/turn              (no ring)
MPRegen  0.18/turn              (no ring)
                                (no ring)
                                (no ring)

@: spider-form
A: tiny, almost no armour, stealthy swim, (amphibious), 8 rings, (constrict 8)
a: End Transformation


You were on level 4 of the Dungeon.
You were not hungry.
You were a venomous arachnid creature.
You visited 1 branch of the dungeon, and saw 4 of its levels.

You collected 167 gold pieces.

Inventory:

Missiles
 a - 20 arrows
Jewellery
 b - a ring of magical power (left front leg)
 h - an uncursed amulet of harm {unknown}
 m - a cursed -3 ring of intelligence {unknown}
Scrolls
 e - 3 scrolls of remove curse {unknown}
 f - 6 scrolls of enchant weapon {unknown}
 g - 3 scrolls of teleportation {unknown}
 i - a scroll of fog {unknown}
 j - 3 scrolls of amnesia {unknown}
 k - 3 scrolls of identify {unknown}
Potions
 d - 2 potions of lignification {unknown}
 l - 2 potions of agility {unknown}
 n - a potion of ambrosia {unknown}
 o - a potion of curing {unknown}
 q - a potion of degeneration {unknown}
Comestibles
 c - 4 rations


   Skills:
 - Level 4.0 Fighting
 - Level 2.0 Dodging
 - Level 4.3 Stealth
 - Level 3.0 Unarmed Combat
 - Level 4.0 Spellcasting
 - Level 5.0 Transmutations
 + Level 1.0 Ice Magic


You had 4 spell levels left.
You knew the following spells:

 Your Spells              Type           Power        Failure   Level  Hunger
a - Beastly Appendage     Tmut           ###...       8%          1    None
b - Sticks to Snakes      Tmut           ###.....     11%         2    ##.....
c - Spider Form           Tmut/Pois      ##........   36%         3    ###....
d - Ice Form              Ice/Tmut       ##......     63%         4    ####...

Your spell library contained the following spells:

 Spells                   Type           Power        Failure   Level  Hunger
 Blade Hands              Tmut           ###.......   71%         5    ######.


Dungeon Overview and Level Annotations

Branches:
Dungeon (4/15)
 Temple: D:4-7

Altars:

Annotations:
D:4 Pikel


Innate Abilities, Weirdness & Mutations

You cannot wear most types of armour.
You are very stealthy in the water. (Stealth+)
((You are amphibious.))
You can wear up to eight rings at the same time.
((You can use your tentacles to constrict eight enemies at once.))
((Your skin changes colour to match your surroundings (Stealth+).))
((Your rubbery body absorbs attacks. (AC +1, EV +1)))


Message History

You hit Pikel.
Pikel looks as sick as possible!
Pikel is moderately wounded.
You kill the slave!
That felt strangely unrewarding.
Pikel hits you with a +2 whip of freezing.
Pikel freezes you.
Unknown command.
You hit Pikel but do no damage.
Pikel looks as sick as possible!
Pikel is moderately wounded.
Pikel zaps a wand.
The puff of flame hits you!
* * * LOW HITPOINT WARNING * * *
Unknown command.
Unknown command.
Unknown command.
You hit Pikel but do no damage.
Pikel looks as sick as possible!
Pikel is moderately wounded.
Pikel hits you with a +2 whip of freezing!
* * * LOW HITPOINT WARNING * * *
Pikel freezes you.
You die...

#################
#...)<.sK[......#
#.......#.......#
#.......#.......#
########...##..##...#
##...#########..##...#
#....................#
#.......K...........[#
#............[.......#
####..##p##..##...##...#


You could see Pikel.

Vanquished Creatures
  Sigmund (D:3)
  4 slaves
  An ogre (D:4)
  A bullfrog (D:3)
  2 orc wizards
  2 orc priests (D:3)
  Natasha (thrice) (D:3)
  2 worker ants (D:4)
  5 adders
  A shadow imp (D:3)
  An adder skeleton (D:4)
  2 worms
  4 dart slugs
  2 leopard geckos
  9 orcs
  A ball python (D:1)
  10 giant cockroaches
  3 goblins
  9 hobgoblins
  4 jackals (D:3)
  5 kobolds
  2 quokkas
  4 bats
  6 frilled lizards
  7 rats
91 creatures vanquished.

Vanquished Creatures (collateral kills)
  A bat (D:3)
1 creature vanquished.

Grand Total: 92 creatures vanquished

Notes
Turn   | Place    | Note
-------+----------+-------------------------------------------
     0 | D:1      | inmateoo the Octopode Transmuter began the quest for the
                  | Orb.
     0 | D:1      | Reached XP level 1. HP: 13/13 MP: 3/3
    85 | D:1      | Reached skill level 1 in Stealth
   480 | D:1      | Reached XP level 2. HP: 18/18 MP: 5/5
  1064 | D:2      | Reached XP level 3. HP: 23/23 MP: 6/6
  1798 | D:2      | Reached XP level 4. HP: 21/28 MP: 7/7
  2094 | D:3      | Noticed Sigmund
  2096 | D:3      | Reached skill level 3 in Transmutations
  2132 | D:3      | Noticed a bullfrog
  2137 | D:3      | Learned a level 2 spell: Sticks to Snakes
  2141 | D:3      | Learned a level 3 spell: Spider Form
  2152 | D:3      | Killed a bullfrog
  2152 | D:3      | Reached skill level 4 in Transmutations
  2152 | D:3      | Reached XP level 5. HP: 30/33 MP: 8/8
  2360 | D:3      | Noticed Natasha
  2366 | D:3      | Killed Natasha
  2635 | D:3      | Reached skill level 5 in Transmutations
  3200 | D:3      | Noticed Natasha
  3207 | D:3      | Killed Natasha
  3207 | D:3      | Reached XP level 6. HP: 29/38 MP: 9/9
  3270 | D:3      | Noticed Natasha
  3303 | D:3      | Killed Natasha
  3463 | D:3      | Killed Sigmund
  3572 | D:3      | Reached XP level 7. HP: 35/46 MP: 12/12
  3928 | D:4      | Learned a level 4 spell: Ice Form
  4254 | D:4      | Reached skill level 1 in Ice Magic
  4263 | D:4      | Noticed Pikel
  4553 | D:4      | HP: 1/48 [Pikel/+2 whip of freezing (9)]
  4553 | D:4      | Slain by Pikel

Skill      XL: |  1  2  3  4  5  6  7 |
---------------+----------------------+-----
Stealth        | 2 3 4 |  4.3
Transmutations | 4 5 |  5.0
Fighting       | 3 4 |  4.0
Spellcasting   | 3 4 |  4.0
Ice Magic      | 1 |  1.0
Dodging        | |  2.0
Unarmed Combat | |  3.0

Action                   |  1- 3 |  4- 6 |  7- 9 || total
-------------------------+-------+-------+-------++-------
Melee: Unarmed           |    76 |   124 |    77 ||   277
       Constrict         |    22 |    23 |     7 ||    52
       Tentacles         |     8 |    14 |     6 ||    28
       Kick              |     2 |     1 |       ||     3
       Punch             |     1 |       |     2 ||     3
 Cast: Beastly Appendage |     4 |     1 |       ||     5
       Spider Form       |       |     4 |     7 ||    11
       Sticks to Snakes  |       |     1 |     3 ||     4
 Abil: End Transformatio |       |     1 |     1 ||     2
 Stab: Sleeping          |    15 |     2 |     2 ||    19
  Eat: Chunk             |     2 |     7 |     4 ||    13
Armor: Skin              |     3 |    11 |     6 ||    20
Dodge: Dodged            |    41 |    76 |    40 ||   157
